 Dungeon Crawl Stone Soup version 0.32-a0-900-g30fb1b0edc (webtiles) character file.

Game seed: 14719304665205080246

39 olmar the Gusty (level 3, -2/25 HPs)
             Began as a Gnoll Wanderer on Apr 5, 2024.
             Slain by Grinder (7 damage)
             ... while paralysed by Grinder
             ... on level 3 of the Dungeon.
             The game lasted 00:02:40 (1517 turns).

olmar the Gusty (Gnoll Wanderer)                    Turns: 1517, Time: 00:02:40

Health: -2/25      AC:  5    Str: 10    XL:     3   Next: 45%
Magic:  2/7        EV:  2    Int: 14    God:
Gold:   124        SH:  0    Dex: 11    Spells: 6/7 levels left

rFire   . . .        f - +0 dagger (freeze)
rCold   . . .        (no shield)
rNeg    . . .        d - +0 robe
rPois   .            (no helmet)
rElec   .            (no cloak)
rCorr   .            i - +2 pair of gloves
SInv    .            (no boots)
Will    .....        (no amulet)
Stlth   +            (no ring)
HPRegen 0.24/turn    (no ring)
MPRegen 0.10/turn

%: no passive effects
@: paralysed
A: fangs 1, strong nose, distributed training
a: no special abilities


You were on level 3 of the Dungeon.
You visited 1 branch of the dungeon, and saw 3 of its levels.

You collected 124 gold pieces.

Inventory:

Hand Weapons
 a - a +0 sling
 f - a +0 dagger of freezing (weapon)
Missiles
 k - 3 poisoned darts
Armour
 d - a +0 robe (worn)
 i - a +2 pair of gloves (worn)
Talismans
 h - a flux talisman
Wands
 b - a wand of polymorph (6)
Scrolls
 c - 2 scrolls of butterflies
 j - a scroll of revelation
 l - a scroll of immolation
 m - a scroll of teleportation
Potions
 e - 2 potions of heal wounds
 g - a potion of curing


   Skills:
 + Level 0.9 Fighting
 + Level 0.9 Short Blades
 + Level 0.9 Long Blades
 + Level 0.9 Axes
 + Level 0.9 Maces & Flails
 + Level 0.9 Polearms
 + Level 0.9 Staves
 + Level 6.5 Ranged Weapons
 + Level 0.9 Throwing
 + Level 0.9 Armour
 + Level 0.9 Dodging
 + Level 0.9 Stealth
 + Level 0.9 Shields
 + Level 0.9 Unarmed Combat
 + Level 2.8 Spellcasting
 + Level 0.6 Conjurations
 + Level 0.6 Hexes
 + Level 0.6 Summonings
 + Level 0.6 Necromancy
 + Level 0.6 Translocations
 + Level 0.6 Fire Magic
 + Level 0.6 Ice Magic
 + Level 7.1 Air Magic
 + Level 0.6 Earth Magic
 + Level 0.6 Alchemy
 + Level 1.0 Invocations
 + Level 4.5 Evocations
 + Level 0.7 Shapeshifting


You had 6 spell levels left.
You knew the following spells:

 Your Spells              Type           Power      Damage    Failure   Level
a - Shock                 Conj/Air       48%        1d6       4%          1

Your spell library contained the following spells:

 Spells                   Type           Power      Damage    Failure   Level
 Cigotuvi's Dreadful Rot  Necr/Alch/Air  18%        N/A       11%         2
 Airstrike                Air            10%        2d(2-18)  12%         4
 Ignite Poison            Fire/Alch      3%         N/A       86%         4
 Freezing Cloud           Conj/Ice/Air   4%         6-21      88%         5


Dungeon Overview and Level Annotations

Branches:
Dungeon (3/15)

Altars:

Annotations:
D:3 Grinder


Innate Abilities, Weirdness & Mutations

You have very sharp teeth.
Your uncanny sense of smell can sniff out nearby items.
Your experience applies equally to all skills.


Message History

Grinder is moderately wounded.
Grinder gestures at you. You resist with significant effort.
You shoot a sling bullet.
The sling bullet closely misses Grinder.
Aiming: Polymorph
Press: ? - help, Shift-Dir - straight line, f/p - Grinder
Aim: Grinder (moderately wounded, will become a lemure, a chaos spawn, or a quasit, chance to affect: 61%)
Okay, then.
Okay, then.
You shoot a sling bullet. The sling bullet barely misses Grinder.
Grinder gestures at you.
You suddenly lose the ability to move!
You can move again.
Unknown command.
Unknown command.
You shoot a sling bullet. The sling bullet hits Grinder.
Grinder is moderately wounded.
You shoot a sling bullet.
The sling bullet closely misses Grinder.
Your +0 dagger of freezing glows with a cold blue light!
f - a +0 dagger of freezing (weapon)
You hit Grinder but do no damage.
Grinder is moderately wounded.
Grinder barely misses you.
You barely miss Grinder.
Grinder is moderately wounded.
Grinder gestures at you. Pain shoots through your body!
Unknown command.
You closely miss Grinder.
Grinder is moderately wounded.
Grinder gestures at you.
You suddenly lose the ability to move!
Grinder hits you. Grinder hits you!
* * * LOW HITPOINT WARNING * * *
Grinder hits you!
You die...
Grinder sighs, "Dead already?
I want a refund."

.... # ####...
..#.....##
......(..#### .
............ ...
..........##....
................
.......5@....†..
................
....!)..........
..#.....####..##
# ##..### ## #..
... ....


You could see Grinder.

Vanquished Creatures
  An orc (D:3)
  7 bats
  3 endoplasms
  3 giant cockroaches
  5 goblins
  2 hobgoblins
  3 kobolds
  A quokka (D:1)
  2 ball pythons
  4 frilled lizards
  3 rats (D:1)
34 creatures vanquished.

Notes
Turn   | Place    | Note
-------+----------+-------------------------------------------
     0 | D:1      | olmar the Gnoll Wanderer began the quest for the Orb.
     0 | D:1      | olmar set off with the following items: a +0 sling, a wand
                  | of polymorph (6), a scroll of butterflies, a +0 robe; and
                  | the following spell memorised: Shock; and the following
                  | spells available to memorise: Airstrike, Cigotuvi's
                  | Dreadful Rot.
     0 | D:1      | Reached XP level 1. HP: 13/13 MP: 4/4
   217 | D:1      | Reached XP level 2. HP: 19/19 MP: 5/5
   933 | D:2      | Reached XP level 3. HP: 25/25 MP: 4/7
  1423 | D:2      | Reached skill level 1 in Invocations
  1486 | D:3      | Noticed Grinder
  1492 | D:3      | Paralysed by Grinder for 4 turns
  1507 | D:3      | Paralysed by Grinder for 2 turns
  1514 | D:3      | Paralysed by Grinder for 5 turns
  1517 | D:3      | Slain by Grinder

Illustrated notes

Levels and vault maps discovered:
D:1:      dpeg_arrival_more_subterranean_lakeside_camping, layout_loops_ring
D:2:      wander_river, layout_rooms, serial_bayou_lagoon_b
D:3:      kennysheep_goblin_castle, layout_rooms, old_standard_altar,
          uniq_grinder

Skill      XL: |  1  2  3 |
---------------+----------+-----
Invocations    | 1 |  1.0
Fighting       | |  0.9
Short Blades   | |  0.9
Long Blades    | |  0.9
Axes           | |  0.9
Maces & Flails | |  0.9
Polearms       | |  0.9
Staves         | |  0.9
Ranged Weapons | |  6.5
Throwing       | |  0.9
Armour         | |  0.9
Dodging        | |  0.9
Stealth        | |  0.9
Shields        | |  0.9
Unarmed Combat | |  0.9
Spellcasting   | |  2.8
Conjurations   | |  0.6
Hexes          | |  0.6
Summonings     | |  0.6
Necromancy     | |  0.6
Translocations | |  0.6
Fire Magic     | |  0.6
Ice Magic      | |  0.6
Air Magic      | |  7.1
Earth Magic    | |  0.6
Alchemy        | |  0.6
Evocations     | |  4.5
Shapeshifting  | |  0.7

Action                     || total
---------------------------++-------
  Melee: Dagger            ||     3
   Fire: Sling             ||    70
   Cast: Shock             ||    36
    Use: Scroll            ||     5
         Potion            ||     1
 Armour: Robe              ||    29
  Dodge: Dodged            ||    11

Table legend: (Time is in decaauts)
 A = Elapsed time spent in this place.
 B = Non-inter-level travel time spent in this place.
 C = Inter-level travel time spent in this place.
 D = Time resting spent in this place.
 E = Time spent auto-exploring this place.
 F = Levels seen in this place.
 G = Mean time per level.
                   A        B        C        D        E       F      G
               +--------+--------+--------+--------+--------+-----+--------+
         Total |   1547 |   1494 |     53 |     11 |   1212 |   3 |  515.7 |
       Dungeon |   1547 |   1494 |     53 |     11 |   1212 |   3 |  515.7 |
               +--------+--------+--------+--------+--------+-----+--------+

Top non-repeatable levels by time:
     D:1: 936 daAuts
     D:2: 557 daAuts
     D:3: 54 daAuts
